 Dungeon Crawl Stone Soup version 0.30-a0-377-g5cb311bc9f (webtiles) character file.

Game seed: 9858073312232580367

51583 avis the Skirmisher (level 13, -11/113 HPs)
             Began as a Demigod Ice Elementalist on Nov 29, 2022.
             Mangled by a caustic shrike simulacrum (35 damage)
             ... in an ice cave on Dec 1, 2022.
             The game lasted 03:37:52 (29375 turns).

avis the Skirmisher (Demigod Ice Elementalist)     Turns: 29375, Time: 03:37:53

Health: -11/113    AC: 18    Str:  9    XL:     13   Next: 90%
Magic:  31/31      EV: 22    Int: 17    God:
Gold:   753        SH:  5    Dex: 33    Spells: 13/20 levels left

rFire   + . .      SeeInvis +    b - +0 shortbow
rCold   . . .      Faith    .    (shield currently unavailable)
rNeg    . . .      Spirit   .    B - +0 acid dragon scales
rPois   .          Reflect  +    E - +1 hat
rElec   .          Harm     .    N - +1 cloak {Will+}
rCorr   +          Rampage  .    J - +1 pair of gloves
Will    ++++.                    K - +0 pair of boots
Stlth   ++........               D - amulet of reflection
HPRegen 0.38/turn                n - ring "Ufydast" {rF+ Will++ Dex+3 SInv Stlth-}
MPRegen 0.22/turn                H - ring of magical power

@: ice-armoured
A: high MP 1, forlorn, divine attributes
a: no special abilities


You were in an ice cave.
You visited 5 branches of the dungeon, and saw 19 of its levels.
You also visited: Ice Cave.

You collected 1483 gold pieces.
You spent 730 gold pieces at shops.

Inventory:

Hand Weapons
 a - the +6 falchion "Vilopn" {protect, rElec rCorr Dex+6 Stlth-}
   (You found it on level 3 of the Lair of Beasts)

   It grants its wielder temporary protection when it strikes (+7 to AC).
   Dex:       It affects your dexterity (+6).
   rElec:     It insulates you from electricity.
   rCorr:     It protects you from acid and corrosion.
   Stlth:     It makes you less stealthy.
 b - a +0 shortbow (weapon)
 w - the +9 lance "Wyrmbane" {slay drac, rPois rF+ rC+ AC+3}
   (You took it off Maggie on level 9 of the Dungeon)

   It inflicts extra damage against dragons and draconians.
   AC:        It affects your AC (+3).
   rF:        It protects you from fire.
   rC:        It protects you from cold.
   rPois:     It protects you from poison.
Missiles
 P - a throwing net
Armour
 B - +0 acid dragon scales (worn)
 E - a +1 hat (worn)
 J - a +1 pair of gloves (worn)
 K - a +0 pair of boots (worn)
 N - a +1 cloak of willpower (worn)
Jewellery
 n - the ring "Ufydast" (left hand) {rF+ Will++ Dex+3 SInv Stlth-}
   (You found it on level 5 of the Dungeon)

   [ring of protection from fire]

   Dex:       It affects your dexterity (+3).
   rF:        It protects you from fire.
   SInv:      It lets you see invisible.
   Will:      It greatly increases your willpower.
   Stlth:     It makes you less stealthy.
 D - an amulet of reflection (around neck)
 H - a ring of magical power (right hand)
Wands
 h - a wand of polymorph (10)
 k - a wand of acid (1)
 q - a wand of flame (8)
 x - a wand of digging (2)
 C - a wand of paralysis (9)
 O - a wand of roots (6)
 S - a wand of mindburst (7)
Scrolls
 c - a scroll of butterflies
 d - 5 scrolls of magic mapping
 e - 16 scrolls of teleportation
 t - 4 scrolls of fear
 F - 2 scrolls of poison
Potions
 g - a potion of invisibility
 i - a potion of brilliance
 j - 3 potions of flight
 m - 3 potions of cancellation
 o - 6 potions of haste
 p - 3 potions of lignification
 u - 4 potions of magic
 G - a potion of resistance
 T - a potion of berserk rage
 U - 2 potions of might
Miscellaneous
 r - a phantom mirror
 y - a lightning rod (1/4)


   Skills:
 - Level 10.0 Fighting
 - Level 6.0 Long Blades
 * Level 14.9 Ranged Weapons
 - Level 5.0 Armour
 - Level 10.0 Dodging
 - Level 2.0 Stealth
 - Level 4.0 Spellcasting
 - Level 8.0 Ice Magic


You had 13 spell levels left.
You knew the following spells:

 Your Spells              Type           Power      Damage    Failure   Level
a - Freeze                Ice            100%       1d10      1%          1
o - Ozocubu's Armour      Ice            30%        N/A       2%          3
r - Frozen Ramparts       Ice            60%        1d10      2%          3

Your spell library contained the following spells:

 Spells                   Type           Power      Damage    Failure   Level
 Magic Dart               Conj           12%        1d3       26%         1
 Sandblast                Erth           6%         2d5       26%         1
 Slow                     Hex            12%        N/A       26%         1
 Sting                    Tmut/Pois      12%        1d3       26%         1
 Call Imp                 Summ           3%         N/A       36%         2
 Passwall                 Tmut/Erth      2%         N/A       36%         2
 Poisonous Vapours        Pois/Air       6%         N/A       36%         2
 Scorch                   Fire           6%         2d5       36%         2
 Sublimation of Blood     Necr           3%         N/A       36%         2
 Summon Ice Beast         Ice/Summ       17%        N/A       43%         4
 Confusing Touch          Hex            3%         N/A       58%         3
 Inner Flame              Hex/Fire       3%         N/A       58%         3
 Mephitic Cloud           Conj/Pois/Air  3%         N/A       58%         3
 Stone Arrow              Conj/Erth      6%         3d7       58%         3
 Vampiric Draining        Necr           3%         2d6       58%         3
 Cause Fear               Hex            1%         N/A       94%         4
 Flame Wave               Conj/Fire      3%         2d5       94%         4
 Olgreb's Toxic Radiance  Pois           3%         N/A       94%         4
 Passage of Golubria      Tloc           3%         N/A       94%         4
 Petrify                  Tmut/Erth      3%         N/A       94%         4
 Irradiate                Conj/Tmut      1%         3d12      100%        5
 Silence                  Hex/Air        1%         N/A       100%        5
 Summon Forest            Summ/Tloc      1%         N/A       100%        5
 Summon Mana Viper        Hex/Summ       3%         N/A       100%        5
 Summon Cactus Giant      Summ           1%         N/A       100%        6
 Malign Gateway           Summ/Tloc      1%         N/A       100%        7
 Discord                  Hex            1%         N/A       100%        8
 Lehudib's Crystal Spear  Conj/Erth      1%         10d2      100%        8
 Summon Horrible Things   Summ           1%         N/A       100%        8


Dungeon Overview and Level Annotations

Branches:
Dungeon (11/15)            Temple (1/1) D:4            Lair (5/5) D:9
  Swamp (1/4) Lair:3       Spider (1/4) Lair:3        Slime (0/5) Lair:5
    Orc (0/2) D:11          IceCv (1/1)

Shops:
D:8 !?[([

Portals:
Abyss: Lair:4

Annotations:
Lair:3 1 runed translucent door, greynaab's ghost, journeyman FoHu
Lair:4 2 transporters, Xutikh's ghost, journeyman SpCA


Innate Abilities, Weirdness & Mutations

You have an increased reservoir of magic. (+10% MP)
You shall have no god before yourself.
Your divine heritage dramatically boosts your attributes as you level up.


Message History

The arrow misses the spriggan defender simulacrum.
You block the spriggan defender simulacrum's attack.
The caustic shrike simulacrum closely misses you.
Fire: b) +0 shortbow
Press: ? - help, Q - select action, (/) - cycle Shift-Dir - straight line, f/p - spriggan defender simulacrum
Aim: a spriggan defender simulacrum (almost destroyed, 61% to hit)
You shoot an arrow.
The arrow barely misses the spriggan defender simulacrum.
The caustic shrike simulacrum claws you!
The caustic shrike simulacrum freezes you!!!
The spriggan defender simulacrum hits you but does no damage.
The caustic shrike simulacrum claws you.
The caustic shrike simulacrum freezes you!!
* * * LOW HITPOINT WARNING * * *
You block the spriggan defender simulacrum's attack.
Fire: b) +0 shortbow
Press: ? - help, Q - select action, (/) - cycle Shift-Dir - straight line, f/p - spriggan defender simulacrum
Aim: a spriggan defender simulacrum (almost destroyed, 61% to hit)
You shoot an arrow.
The arrow hits the spriggan defender simulacrum!!
The spriggan defender simulacrum vaporises!
The caustic shrike simulacrum misses you.
Fire: b) +0 shortbow
Press: ? - help, Q - select action, (/) - cycle Shift-Dir - straight line, f - caustic shrike simulacrum
Aim: a caustic shrike simulacrum (70% to hit)
You shoot an arrow.
The arrow hits the caustic shrike simulacrum!
The caustic shrike simulacrum is moderately damaged.
The caustic shrike simulacrum completely misses you.
The caustic shrike simulacrum claws you but does no damage.
Fire: b) +0 shortbow
Press: ? - help, Q - select action, (/) - cycle Shift-Dir - straight line, f/p - caustic shrike simulacrum
Aim: a caustic shrike simulacrum (moderately damaged, 70% to hit)
You shoot an arrow.
The arrow hits the caustic shrike simulacrum!
The caustic shrike simulacrum is heavily damaged.
The caustic shrike simulacrum claws you.
* * * LOW HITPOINT WARNING * * *
The caustic shrike simulacrum freezes you!!
You die...

##..∩..##
#.......#
#...∩...#
##.....##
##...##
#...##
##...#
##...#
##@..##
#Z○.##
#..##
##..#
##..# ..#
... ....
.....


You could see a caustic shrike simulacrum.

Vanquished Creatures
  A fire dragon (Lair:4)
  An entropy weaver (Spider:1)
  A hydra (Lair:3)
  A merfolk avatar (Lair:5)
  A two-headed ogre (D:11)
  An alligator (Swamp:1)
  6 death yaks (Lair:5)
  A sea snake (Lair:5)
  2 goliath frogs (Swamp:1)
  A spriggan simulacrum (IceCv)
  2 swamp dragons (Swamp:1)
  A spriggan druid (Swamp:1)
  Pikel (D:4)
  4 bog bodies
  A harpy (Lair:5)
  An ugly thing (D:11)
  A cyclops (D:11)
  5 black mambas
  6 elephants (Lair:5)
  12 cane toads
  Maggie (D:9)
  6 komodo dragons
  2 freezing wraiths (IceCv)
  6 rime drakes
  A troll (D:11)
  A meliai (Lair:3)
  3 polar bears
  4 tarantellas
  3 hornets
  5 wind drakes (Lair:5)
  3 tyrant leeches (Swamp:1)
  12 blink frogs
  2 snapping turtles (Lair:5)
  5 culicivoras
  A shadow (D:9)
  A vampire (D:11)
  6 wyverns
  44 yaks
  3 vampire mosquitoes (D:10)
  5 redbacks
  Eustachio (D:4)
  A minotaur simulacrum (IceCv)
  3 steam dragons
  6 swamp worms (Swamp:1)
  A harpy simulacrum (IceCv)
  Edmund (D:4)
  2 acid dragons
  31 water moccasins
  A black bear (D:5)
  2 orc warriors (D:9)
  6 ice beasts
  2 alligator simulacra (IceCv)
  3 ogres
  11 wolves
  3 centaurs
  A phantom (D:6)
  3 kobold brigands
  A gnoll sergeant (D:9)
  A necrophage (D:6)
  11 bullfrogs
  2 scorpions
  A deep troll simulacrum (IceCv)
  2 lindwurm simulacra (IceCv)
  16 killer bees
  2 electric eels
  Crazy Yiuf (D:3)
  2 hounds
  6 jellies
  4 orc priests
  5 iguanas
  Terence (D:2)
  14 orc wizards
  Ijyb (D:3)
  13 gnolls
  23 adders
  A shadow imp (D:6)
  A white imp (D:6)
  2 ufetubi
  2 worms
  4 dart slugs
  32 orcs
  5 endoplasms
  4 giant cockroaches
  10 goblins
  7 hobgoblins
  7 jackals
  2 quokkas (D:1)
  7 ball pythons
  6 bats
  7 frilled lizards
  13 kobolds
  8 rats
466 creatures vanquished.

Vanquished Creatures (others)
  A bloated husk (Swamp:1)
  A bush (Lair:5)
  34 fungi
  69 plants
  3 toadstools (D:8)
108 creatures vanquished.

Grand Total: 574 creatures vanquished

Notes
Turn   | Place    | Note
-------+----------+-------------------------------------------
     0 | D:1      | avis the Demigod Ice Elementalist began the quest for the
                  | Orb.
     0 | D:1      | Reached XP level 1. HP: 14/14 MP: 5/5
   451 | D:1      | Reached XP level 2. HP: 20/20 MP: 5/7
   787 | D:1      | Reached skill level 1 in Fighting
  1455 | D:2      | Reached XP level 3. HP: 22/28 MP: 7/9
  1550 | D:1      | Learned a level 3 spell: Frozen Ramparts
  1554 | D:1      | Learned a level 3 spell: Ozocubu's Armour
  1978 | D:2      | Reached XP level 4. HP: 36/36 MP: 3/11
  2092 | D:2      | Noticed Terence
  2097 | D:2      | Killed Terence
  2968 | D:3      | Noticed Ijyb
  2987 | D:3      | Killed Ijyb
  3159 | D:3      | Reached XP level 5. HP: 39/41 MP: 9/12
  3420 | D:2      | Reached skill level 5 in Ice Magic
  3806 | D:3      | Found a runed translucent door.
  3807 | D:3      | Noticed Crazy Yiuf
  3818 | D:3      | Killed Crazy Yiuf
  3992 | D:4      | Noticed Eustachio
  4003 | D:4      | Killed Eustachio
  4004 | D:4      | Reached XP level 6. HP: 48/48 MP: 7/13
  4097 | D:4      | Found a staircase to the Ecumenical Temple.
  4106 | Temple   | Entered the Ecumenical Temple
  4106 | Temple   | Noticed a Tzitzimitl
  4106 | Temple   | Noticed a green death
  4106 | Temple   | Noticed a sixfirhy
  4106 | Temple   | Noticed a cacodemon
  4107 | Temple   | Noticed Eshuloep the pandemonium lord
  4107 | Temple   | Noticed Ubizih the pandemonium lord
  4109 | Temple   | Noticed a sixfirhy
  4110 | Temple   | Noticed Geowemik the pandemonium lord
  4111 | Temple   | Noticed a soul eater
  4144 | Temple   | Noticed an orange demon
  4147 | Temple   | Noticed Umnuf the pandemonium lord
  4147 | Temple   | Noticed a soul eater
  4147 | Temple   | Noticed an ice devil
  4149 | Temple   | Noticed a rust devil
  4160 | Temple   | Noticed Canagron the pandemonium lord
  4178 | Temple   | Noticed Qaboupp the pandemonium lord
  4410 | D:4      | Noticed Edmund
  4435 | D:4      | Killed Edmund
  4673 | D:4      | Noticed Pikel
  4692 | D:4      | Killed Pikel
  4693 | D:4      | Reached XP level 7. HP: 44/59 MP: 8/14
  5312 | D:5      | Entered Level 5 of the Dungeon
  5476 | D:5      | Reached XP level 8. HP: 66/66 MP: 8/15
  5479 | D:5      | Reached skill level 1 in Ranged Weapons
  5568 | D:5      | Identified the ring "Ufydast" {rF+ Will++ Dex+3 SInv
                  | Stlth-}
  5578 | D:5      | Reached skill level 2 in Ranged Weapons
  5990 | D:5      | Reached skill level 5 in Fighting
  6203 | D:6      | Reached skill level 3 in Ranged Weapons
  6531 | D:6      | Reached skill level 4 in Ranged Weapons
  7159 | D:6      | You fall into a shaft and drop 1 floor!
  7273 | D:6      | Reached skill level 5 in Dodging
  7777 | D:7      | Reached skill level 5 in Ranged Weapons
  7782 | D:7      | Reached XP level 9. HP: 65/74 MP: 7/16
  8036 | D:7      | Reached skill level 6 in Ranged Weapons
  8553 | D:7      | Identified the +1 long sword of Hetodghen {vorpal, Str+7
                  | Dex-2}
  9124 | D:8      | Found Wimob's Antique Armour Shop.
  9127 | D:8      | Bought a pair of runed gloves for 165 gold pieces
  9199 | D:8      | Found Lafaeffo's Antique Weapon Boutique.
  9314 | D:8      | Found Moekhlat's Antique Armour Shoppe.
  9424 | D:8      | Bought a glowing cloak for 187 gold pieces
  9527 | D:8      | Paralysed by a hornet for 3 turns
  9531 | D:8      | Reached skill level 7 in Ranged Weapons
  9696 | D:8      | Found Toroigo's Distillery.
 10050 | D:8      | Found Vigapn's Magic Scroll Shop.
 10058 | D:8      | Bought a scroll of teleportation for 42 gold pieces
 10137 | D:8      | Bought 2 potions of heal wounds for 140 gold pieces
 10157 | D:8      | Bought a scroll of amnesia for 56 gold pieces
 10469 | D:8      | Bought a potion of might for 56 gold pieces
 11171 | D:9      | Reached skill level 8 in Ranged Weapons
 11506 | D:9      | Noticed Maggie
 11523 | D:9      | Killed Maggie
 11524 | D:9      | Reached XP level 10. HP: 65/83 MP: 19/19
 11749 | D:9      | Found a staircase to the Lair.
 12765 | Lair:1   | Entered Level 1 of the Lair of Beasts
 12820 | Lair:1   | Reached skill level 9 in Ranged Weapons
 13266 | Lair:1   | Reached skill level 10 in Ranged Weapons
 13612 | Lair:1   | Reached XP level 11. HP: 79/92 MP: 20/20
 15121 | Lair:2   | Reached skill level 11 in Ranged Weapons
 16286 | Lair:3   | Reached skill level 12 in Ranged Weapons
 16349 | Lair:3   | Found a staircase to the Swamp.
 16350 | Lair:3   | Noticed a bog body
 16360 | Lair:3   | Killed a bog body
 16549 | Lair:3   | You fall into a shaft and drop 2 floors!
 16549 | Lair:5   | Entered Level 5 of the Lair of Beasts
 16549 | Lair:5   | Found a staircase to the Slime Pits.
 16998 | Lair:3   | Found a runed translucent door.
 17110 | Lair:3   | Identified the +1 scale mail of Oblivion {Int+2}
 17158 | Lair:3   | Noticed a six-headed hydra
 17175 | Lair:3   | Killed a six-headed hydra
 17523 | Lair:3   | Found the +8 whip "Snakebite" {venom, curare, rPois}
 17592 | Lair:3   | Noticed greynaab's ghost (journeyman FoHu)
 17594 | Lair:3   | Identified the +2 trident of Herhaz {elec, Drain Fly rElec
                  | rPois Int+8}
 17594 | Lair:3   | Noticed a spriggan rider
 17710 | Lair:3   | Identified the +6 falchion "Vilopn" {protect, rElec rCorr
                  | Dex+6 Stlth-}
 17716 | Lair:3   | Found a hole to the Spider Nest.
 18131 | Lair:4   | Reached XP level 12. HP: 98/101 MP: 21/21
 18485 | Lair:4   | Reached skill level 13 in Ranged Weapons
 19133 | Lair:4   | Noticed a fire dragon
 19289 | Lair:4   | Killed a fire dragon
 19454 | Lair:4   | Reached skill level 14 in Ranged Weapons
 19598 | Lair:4   | Found a one-way gate to the infinite horrors of the Abyss.
 19598 | Lair:4   | Noticed Xutikh's ghost (journeyman SpCA)
 19601 | Lair:4   | Found a transporter.
 19603 | Lair:4   | Found a transporter.
 19609 | Lair:4   | Noticed a rakshasa
 19625 | Lair:4   | Noticed a great orb of eyes
 20490 | Lair:5   | Reached skill level 1 in Long Blades
 21687 | Lair:5   | Reached XP level 13. HP: 111/111 MP: 22/22
 21778 | Lair:5   | Reached skill level 5 in Long Blades
 22727 | Lair:5   | Reached skill level 10 in Fighting
 23162 | D:8      | Bought a potion of brilliance for 56 gold pieces
 23523 | D:8      | Bought a scroll of identify for 28 gold pieces
 23605 | D:10     | Entered Level 10 of the Dungeon
 25175 | D:11     | Found a staircase to the Orcish Mines.
 25193 | D:11     | Reached skill level 10 in Dodging
 26042 | Swamp:1  | Entered Level 1 of the Swamp
 26464 | Swamp:1  | HP: 5/113 [goliath frog (23)]
 26703 | Swamp:1  | Reached skill level 5 in Armour
 28141 | Spider:1 | Entered Level 1 of the Spider Nest
 28716 | Spider:1 | Found a frozen archway.
 28724 | IceCv    | Entered an ice cave
 28739 | IceCv    | HP: 3/113 [alligator simulacrum (20)]
 29375 | IceCv    | Mangled by a caustic shrike simulacrum

Illustrated notes

Levels and vault maps discovered:
D:1:      lightli_arrival_noodles, layout_loops_corners, reono_crystal_passage
D:2:      layout_loops_corners, roderic_roman_lattice, uniq_terence
D:3:      layout_rooms, uniq_crazy_yiuf_cottage, uniq_ijyb
D:4:      layout_rooms, minmay_temple_entry_large_hall,
          hangedman_decor_opposing, uniq_eustachio, uniq_edmund, uniq_pikel
D:5:      layout_rooms, nicolae_vehumet_radiance
D:6:      layout_loops_corners
D:7:      layout_layer_cave, grunt_temple_overflow_open
D:8:      layout_basic, serial_shops, nicolae_stop_n_shop_2,
          nicolae_shop_crystal, nicolae_shop_trees, shop_coins,
          nicolae_square_shop, minmay_gold_behind_fungi, minmay_crossroads
D:9:      layout_basic, hellmonk_lair_entry_icy, minmay_orc_keep, uniq_maggie
D:10:     layout_loops_ring, serial_rivers, chequers_serial_rivers_small_b,
          chequers_serial_rivers_large_b, chequers_serial_rivers_small_b,
          chequers_serial_rivers_small_b, chequers_serial_rivers_micro_d,
          feat_on_display
D:11:     layout_cross, david_orc_2
Temple:   nicolae_temple_panitentiary
Lair:1:   lemuel_reptile_caves, layout_cave_pods,
          nicolae_lair_grove_arrangements
Lair:2:   layout_regular_city, wad_woods_river_03
Lair:3:   minmay_guarded_unrand_snakebite, layout_gridlike,
          skrybe_swamp_entry_bodies, spider_nest_entry_a,
          ebering_ghost_funeral_grove, basic_altar
Lair:4:   dragon1_lemuel, layout_hall_layers, gammafunk_ghost_abyssal_escape,
          st_stairs_4, lemuel_fruit_tree
Lair:5:   gammafunk_lair_ancient_temple, layout_layer_cave,
          nicolae_slime_entry_slimehenge
Swamp:1:  layout_basic_swamp, hangedman_swamp_cone, swamp_pool3,
          infiniplex_staircase_pool
Spider:1: layout_cave_pods, portal_ice_cave_entry_pillars_four,
          hangedman_spider_tarantella_strand
IceCv:    ice_cave_small_necro

Skill      XL: |  1  2  3  4  5  6  7  8  9 10 11 12 13 |
---------------+----------------------------------------+-----
Ice Magic      | 4 6 7 8 |  8.0
Spellcasting   | 2 3 4 |  4.0
Fighting       | 1 2 4 5 6 7 8 9 10 | 10.0
Dodging        | 2 3 4 5 6 8 9 10 | 10.0
Stealth        | 2 |  2.0
Armour         | 2 5 |  5.0
Ranged Weapons | 5 8 10 12 14 | 14.9
Long Blades    | 4 6 |  6.0

Action                   |  1- 3 |  4- 6 |  7- 9 | 10-12 | 13-15 || total
-------------------------+-------+-------+-------+-------+-------++-------
Melee: Mace              |     3 |       |       |       |       ||     3
       Dagger            |    31 |    78 |    47 |    53 |       ||   209
       Quarterstaff      |       |     4 |    11 |       |       ||    15
       Long sword        |       |       |     4 |       |       ||     4
       Lance             |       |       |       |   112 |    51 ||   163
       Punch             |       |       |       |     5 |     9 ||    14
       Falchion          |       |       |       |    90 |   222 ||   312
 Fire: Sling             |       |     1 |    16 |       |       ||    17
       Shortbow          |       |       |   166 |   621 |   256 ||  1043
Throw: Dart              |       |       |     9 |       |       ||     9
 Cast: Freeze            |    40 |    13 |     1 |       |     2 ||    56
       Frozen Ramparts   |     2 |    16 |    51 |   113 |    43 ||   225
       Ozocubu's Armour  |     2 |    14 |    45 |    69 |    60 ||   190
Evoke: Lightning rod     |       |       |     4 |       |     4 ||     8
       Wand              |       |       |       |       |    27 ||    27
  Use: Scroll            |       |     5 |     6 |    10 |     5 ||    26
       Potion            |       |       |       |     3 |    15 ||    18
 Stab: Sleeping          |     8 |       |     1 |       |       ||     9
Armor: Robe              |     5 |       |       |       |       ||     5
       Leather armour    |    12 |    41 |    56 |    45 |       ||   154
       Steam dragon scal |       |       |       |   143 |    17 ||   160
       Acid dragon scale |       |       |       |       |   121 ||   121
Dodge: Dodged            |    43 |    55 |   130 |   495 |   438 ||  1161
Block: Other             |       |       |    13 |   109 |   104 ||   226
       Reflection        |       |       |       |       |     2 ||     2

Table legend: (Time is in decaauts)
 A = Elapsed time spent in this place.
 B = Non-inter-level travel time spent in this place.
 C = Inter-level travel time spent in this place.
 D = Time resting spent in this place.
 E = Time spent auto-exploring this place.
 F = Levels seen in this place.
 G = Mean time per level.
                   A        B        C        D        E       F      G
               +--------+--------+--------+--------+--------+-----+--------+
         Total |  29477 |  25746 |   3731 |   9710 |   9694 |  20 | 1473.8 |
       Dungeon |  15573 |  13039 |   2534 |   3755 |   6295 |  11 | 1415.7 |
        Temple |    152 |    131 |     21 |      0 |     71 |   1 |  152.0 |
          Lair |  11197 |  10082 |   1115 |   4387 |   3041 |   5 | 2239.4 |
         Swamp |   1792 |   1731 |     61 |   1052 |    286 |   1 | 1792.0 |
   Spider Nest |    119 |    119 |      0 |      0 |      0 |   1 |  119.0 |
      Ice Cave |    642 |    642 |      0 |    516 |      0 |   1 |  642.0 |
               +--------+--------+--------+--------+--------+-----+--------+

Top non-repeatable levels by time:
  Lair:5: 3218 daAuts
  Lair:3: 2703 daAuts
     D:9: 2577 daAuts
  Lair:1: 2246 daAuts
     D:7: 1850 daAuts
 Swamp:1: 1792 daAuts
     D:2: 1726 daAuts
  Lair:4: 1720 daAuts
     D:8: 1547 daAuts
     D:1: 1463 daAuts
     D:6: 1383 daAuts
     D:4: 1323 daAuts
  Lair:2: 1308 daAuts
    D:10: 1278 daAuts
     D:5: 1016 daAuts
